 Dungeon Crawl Stone Soup version 0.24-a0-520-g8fd06ad0bc (webtiles) character file.

Game seed: 12689100722524507807

334 xccam the Fighter (level 6, 0/57 HPs)
             Began as a Gnoll Wanderer on July 24, 2019.
             Succumbed to a scorpion's poison
             ... on level 4 of the Dungeon.
             The game lasted 00:07:45 (3418 turns).

xccam the Fighter (Gnoll Wanderer)                  Turns: 3418, Time: 00:07:47

Health: 0/57       AC:  4    Str: 15    XL:     6   Next: 53%
Magic:  14/14      EV: 13    Int: 13    God:
Gold:   158        SH:  0    Dex: 17    Spells: 14/15 levels left

rFire    + . .     SeeInvis .   a - +1 quarterstaff
rCold    + . .     Gourm    .   (shield currently unavailable)
rNeg     . . .     Faith    .   l - +2 robe {rC+ rF+}
rPois    .         Spirit   .   (no helmet)
rElec    .         Reflect  .   (no cloak)
rCorr    .         Harm     .   (no gloves)
MR       .....                  (no boots)
Stlth    ++........             (no amulet)
HPRegen  0.19/turn              (no ring)
MPRegen  0.14/turn              (no ring)

@: lethally poisoned (0 -> -4), berserk cooldown, slowed, very slow
A: distributed training, fangs 1, strong nose
a: no special abilities


You were on level 4 of the Dungeon.
You were very hungry.

You visited 1 branch of the dungeon, and saw 4 of its levels.

You collected 158 gold pieces.

Inventory:

Hand Weapons
 a - a +1 quarterstaff (weapon)
 b - a +0 hunting sling
 e - a +0 flail
Missiles
 q - 101 stones (quivered)
 s - 6 boomerangs of dispersal
Armour
 l - a +2 robe of resistance (worn)
 w - a +0 ring mail
Wands
 c - a wand of paralysis (9)
Scrolls
 d - 2 scrolls of remove curse {unknown}
 g - 3 scrolls of fog
 i - 2 scrolls of teleportation
 j - a scroll of fear {unknown}
 m - a scroll of identify
 n - 2 scrolls of enchant weapon
 o - a scroll of random uselessness {unknown}
 r - 3 scrolls of amnesia {unknown}
 u - 2 scrolls of enchant armour {unknown}
Potions
 h - 3 potions of agility
 k - 2 potions of mutation
 t - 2 potions of invisibility
Comestibles
 f - 4 rations


   Skills:
 + Level 8.7 Fighting
 + Level 2.0 Short Blades
 + Level 2.0 Long Blades
 + Level 2.0 Axes
 + Level 2.0 Maces & Flails
 + Level 2.0 Polearms
 + Level 2.0 Staves
 + Level 2.0 Slings
 + Level 2.0 Bows
 + Level 2.0 Crossbows
 + Level 2.0 Throwing
 + Level 3.2 Armour
 + Level 2.0 Dodging
 + Level 3.1 Stealth
 + Level 2.0 Shields
 + Level 2.0 Unarmed Combat
 + Level 5.3 Spellcasting
 + Level 1.5 Conjurations
 + Level 1.5 Hexes
 + Level 1.5 Charms
 + Level 1.5 Summonings
 + Level 1.5 Necromancy
 + Level 1.5 Translocations
 + Level 1.5 Transmutations
 + Level 1.5 Fire Magic
 + Level 2.6 Ice Magic
 + Level 1.5 Air Magic
 + Level 1.5 Earth Magic
 + Level 1.5 Poison Magic
 + Level 2.1 Invocations
 + Level 3.2 Evocations


You had 14 spell levels left.
You knew the following spells:

 Your Spells              Type           Power        Failure   Level  Hunger
a - Shock                 Conj/Air       #...         10%         1    None

Your spell library contained the following spells:

 Spells                   Type           Power        Failure   Level  Hunger
 Static Discharge         Conj/Air       #.......     28%         3    ###....


Dungeon Overview and Level Annotations

Branches:
Dungeon (3/15)

Altars:
Cheibriados
Gozag

Annotations:
D:4 3 runed translucent doors, Goblin1989's ghost, amateur DsCK; Inarius's ghost, amateur DsSu; KristoblXynda's ghost, amateur DrMo; Protee's ghost, novice GnSk; Yorgos's ghost, novice DsAK


Innate Abilities, Weirdness & Mutations

Your experience applies equally to all skills.
You have very sharp teeth.
Your uncanny sense of smell can sniff out nearby items.


Message History

Your Dodging skill increases to level 2!
Your Shields skill increases to level 2!
Your Unarmed Combat skill increases to level 2!
* * * LOW HITPOINT WARNING * * *
You feel sick.
You are too berserk!
Unknown command.
You are too berserk!
You are too berserk!
You feel a strong urge to attack something.
* * * LOW HITPOINT WARNING * * *
You feel sick.
You are no longer berserk.
You are exhausted.
You feel yourself slow down.
Okay, then.
As you read the scroll labeled WENYNAVODO, it crumbles to dust.
It is a scroll of enchant weapon.
Your +0 quarterstaff glows red for a moment.
You die...

............'...'......#
............#...#......#
............#...#......#
............######.....#
##'##'####.......#.....#
...#.....#.......#.....# .
...#.....#.......###'###...
#..#.....'..................
#..###...#......@...........
#### ############.......####
# #.......# # #.......#
+.......# #.......#
#.......# #.......#
############+####.......#


There were no monsters in sight!

Vanquished Creatures
  An ogre (D:4)
  A scorpion (D:4)
  An orc wizard (D:3)
  Jessica (D:2)
  6 adders
  An adder skeleton (D:4)
  2 worms
  2 dart slugs
  6 leopard geckos
  3 orcs
  3 ball pythons
  3 giant cockroaches
  7 goblins
  10 hobgoblins
  2 quokkas (D:2)
  7 bats
  2 frilled lizards
  9 kobolds
  6 rats
73 creatures vanquished.

Notes
Turn   | Place    | Note
-------+----------+-------------------------------------------
     0 | D:1      | xccam the Gnoll Wanderer began the quest for the Orb.
     0 | D:1      | xccam set off with the following items: a +0 spear, a wand
                  | of paralysis (15), a +0 robe, a ration; and the following
                  | spell memorised: Shock; and the following spells available
                  | to memorise: Static Discharge
     0 | D:1      | Reached XP level 1. HP: 26/26 MP: 6/6
   449 | D:1      | Reached XP level 2. HP: 33/33 MP: 7/7
  1006 | D:1      | Reached skill level 5 in Spellcasting
  1006 | D:1      | Reached XP level 3. HP: 32/38 MP: 7/9
  1033 | D:2      | Noticed Jessica
  1052 | D:2      | Killed Jessica
  1052 | D:2      | Reached skill level 1 in Short Blades
  1052 | D:2      | Reached skill level 1 in Long Blades
  1052 | D:2      | Reached skill level 1 in Axes
  1052 | D:2      | Reached skill level 1 in Maces & Flails
  1052 | D:2      | Reached skill level 1 in Polearms
  1052 | D:2      | Reached skill level 1 in Staves
  1052 | D:2      | Reached skill level 1 in Slings
  1052 | D:2      | Reached skill level 1 in Bows
  1052 | D:2      | Reached skill level 1 in Crossbows
  1052 | D:2      | Reached skill level 1 in Throwing
  1052 | D:2      | Reached skill level 1 in Dodging
  1052 | D:2      | Reached skill level 1 in Shields
  1052 | D:2      | Reached skill level 1 in Unarmed Combat
  1052 | D:2      | Reached skill level 1 in Invocations
  1052 | D:2      | Reached XP level 4. HP: 23/45 MP: 11/11
  1717 | D:2      | Found a snail-covered altar of Cheibriados.
  1718 | D:2      | Found an opulent altar of Gozag.
  1835 | D:2      | Reached skill level 1 in Conjurations
  1835 | D:2      | Reached skill level 1 in Hexes
  1835 | D:2      | Reached skill level 1 in Charms
  1835 | D:2      | Reached skill level 1 in Summonings
  1835 | D:2      | Reached skill level 1 in Necromancy
  1835 | D:2      | Reached skill level 1 in Translocations
  1835 | D:2      | Reached skill level 1 in Transmutations
  1835 | D:2      | Reached skill level 1 in Fire Magic
  1835 | D:2      | Reached skill level 1 in Air Magic
  1835 | D:2      | Reached skill level 1 in Earth Magic
  1835 | D:2      | Reached skill level 1 in Poison Magic
  1998 | D:2      | Reached XP level 5. HP: 40/51 MP: 12/12
  2823 | D:3      | You fall into a shaft and drop 1 floor!
  3029 | D:4      | Found a runed translucent gate.
  3029 | D:4      | Found a runed translucent gate.
  3029 | D:4      | Found a runed translucent gate.
  3029 | D:4      | Noticed Goblin1989's ghost (amateur DsCK)
  3029 | D:4      | Noticed Inarius's ghost (amateur DsSu)
  3029 | D:4      | Noticed KristoblXynda's ghost (amateur DrMo)
  3030 | D:4      | Noticed Yorgos's ghost (novice DsAK)
  3030 | D:4      | Noticed Protee's ghost (novice GnSk)
  3308 | D:4      | Noticed an ogre
  3352 | D:4      | Killed an ogre
  3352 | D:4      | Reached XP level 6. HP: 23/57 MP: 14/14
  3412 | D:4      | HP: 3/85 [scorpion (5)]
  3416 | D:4      | HP: 1/85 [poisoned by a scorpion]
  3418 | D:4      | Succumbed to a scorpion's poison

Levels and vault maps discovered:
D:1:      minmay_arrival_widening_spiral_narrow, layout_rooms
D:2:      layout_basic, gammafunk_temple_overflow_statue, grunt_ministairs_1,
          minmay_split_cup_large, uniq_jessica
D:3:      layout_loops_cross, uniq_ijyb
D:4:      layout_gridville, gammafunk_ghost_cemetery, first_ration

Skill      XL: |  1  2  3  4  5  6 |
---------------+-------------------+-----
Ice Magic      | 2 |  2.6
Spellcasting   | 5 |  5.3
Short Blades   | 1 2 |  2.0
Long Blades    | 1 2 |  2.0
Axes           | 1 2 |  2.0
Maces & Flails | 1 2 |  2.0
Polearms       | 1 2 |  2.0
Staves         | 1 2 |  2.0
Slings         | 1 2 |  2.0
Bows           | 1 2 |  2.0
Crossbows      | 1 2 |  2.0
Throwing       | 1 2 |  2.0
Dodging        | 1 2 |  2.0
Shields        | 1 2 |  2.0
Unarmed Combat | 1 2 |  2.0
Invocations    | 1 2 |  2.1
Conjurations   | 1 |  1.5
Hexes          | 1 |  1.5
Charms         | 1 |  1.5
Summonings     | 1 |  1.5
Necromancy     | 1 |  1.5
Translocations | 1 |  1.5
Transmutations | 1 |  1.5
Fire Magic     | 1 |  1.5
Air Magic      | 1 |  1.5
Earth Magic    | 1 |  1.5
Poison Magic   | 1 |  1.5
Armour         | 3 |  3.2
Evocations     | 3 |  3.2
Stealth        | 3 |  3.1
Fighting       | |  8.7

Action                   |  1- 3 |  4- 6 || total
-------------------------+-------+-------++-------
Melee: Spear             |   109 |   150 ||   259
       Bite              |     9 |    22 ||    31
       Quarterstaff      |       |    66 ||    66
       Flail             |       |     6 ||     6
Evoke: Wand              |     3 |     3 ||     6
  Use: Potion            |     2 |     1 ||     3
       Scroll            |       |     5 ||     5
 Stab: Sleeping          |     4 |     8 ||    12
       Paralysed         |     9 |     4 ||    13
       Distracted        |       |     2 ||     2
  Eat: Chunk             |       |     7 ||     7
Armor: Skin              |     8 |       ||     8
       Robe              |     3 |    14 ||    17
       Leather armour    |     9 |    31 ||    40
Dodge: Dodged            |    53 |   145 ||   198

Table legend:
 A = Non-vault XP
 B = Vault XP
 C = Vault XP percentage of total XP
 D = Non-vault monster count
 E = Vault monster count
 F = Vault count percentage of total count
                 A         B        C        D         E       F
            +---------+---------+-------+---------+---------+-------
      Total |     420 |      58 |  12.1 |      67 |       6 |   8.2
            +---------+---------+-------+---------+---------+-------
        D:1 |      42 |       0 |   0.0 |      16 |       0 |   0.0
        D:2 |      72 |      58 |  44.6 |      25 |       6 |  19.4
        D:3 |      74 |       0 |   0.0 |      19 |       0 |   0.0
        D:4 |     232 |       0 |   0.0 |       7 |       0 |   0.0
            +---------+---------+-------+---------+---------+-------
